APP
GRAND JUNCTION ROCKIES @ CHICAGO (APP) CUBS
10/06/2047
 
TOP OF THE 1ST
Missoula Osprey batting - Pitching for Chicago (APP) Cubs : RHP Teruhito Wakabayashi
Pitching: RHP Teruhito Wakabayashi
Batting: LHB Tim West 0-0: Swinging Strike
0-1: Ball
1-1: Ball
2-1: SINGLE (Groundball, 4M, EV 95.6 MPH)
Batting: LHB Chris Coleman 0-0: Called Strike
Tim West steals 2nd base (no throw)
0-1: Ground out 6-3 (Groundball, 6, EV 104.4 MPH)
Batting: LHB Johnny Cabrera 0-0: Ball
1-0: Called Strike
1-1: Ball
2-1: Called Strike
2-2: Ball
3-2: Strikes out swinging
Batting: RHB Hang-ki Yin 0-0: Called Strike
0-1: SINGLE (Line Drive, 34, EV 94.4 MPH)
Tim West to third
Batting: LHB Rob Turney 0-0: Ball
1-0: Ball
2-0: Ball
3-0: Called Strike
3-1: Called Strike
3-2: Base on Balls
Hang-ki Yin to second
Batting: RHB Keith Turner 0-0: SINGLE (Groundball, 56S, EV 66.9 MPH) (infield hit)
Tim West scores
Hang-ki Yin to third
Rob Turney to second
Batting: RHB Ken Cohan 0-0: Ball
1-0: Ball
2-0: Foul Ball, location: 2F
2-1: Ball
3-1: Base on Balls
Hang-ki Yin scores
Rob Turney to third
Keith Turner to second
Batting: RHB Evan Barron 0-0: Called Strike
0-1: Ball
Wild Pitch!
Rob Turney scores
Keith Turner to third
Ken Cohan to second
1-1: Ground out 4-3 (Groundball, 4M, EV 96.9 MPH)
Top of the 1st over - 3 runs, 3 hits, 0 errors, 2 left on base; Missoula 3 - Chicago (APP) 0
BOTTOM OF THE 1ST
Chicago (APP) Cubs batting - Pitching for Missoula Osprey : RHP Matt Hamm
Pitching: RHP Matt Hamm
Batting: RHB Chris Petrock 0-0: Ball
1-0: Ball
2-0: Ground out 4-3 (Groundball, 4, EV 80.0 MPH)
Batting: SHB Eddie Tetzlaff 0-0: Called Strike
0-1: Swinging Strike
0-2: Fly out, F7 (Flyball, 7S, EV 86.3 MPH)
Batting: RHB Jacob Nagle 0-0: Ball
1-0: Swinging Strike
1-1: Ball
2-1: Ball
3-1: Base on Balls
Batting: LHB Ryan Cross 0-0: Ball
Passed Ball!
Jacob Nagle to second
1-0: Foul Ball, location: 2F
1-1: Ball
2-1: Ground out 4-3 (Groundball, 34, EV 85.0 MPH)
Bottom of the 1st over - 0 runs, 0 hits, 0 errors, 1 left on base; Missoula 3 - Chicago (APP) 0
TOP OF THE 2ND
Missoula Osprey batting - Pitching for Chicago (APP) Cubs : RHP Teruhito Wakabayashi
Batting: RHB Matt Hamm 0-0: Called Strike
0-1: Swinging Strike
0-2: Strikes out swinging
Batting: LHB Tim West 0-0: Called Strike
0-1: Swinging Strike
0-2: Ground out 6-3 (Groundball, 6, EV 89.4 MPH)
Batting: LHB Chris Coleman 0-0: Called Strike
0-1: Foul Ball, location: 2F
0-2: Foul Ball, location: 2F
0-2: Foul Ball, location: 2F
0-2: Ball
1-2: Foul Ball, location: 2F
1-2: Ball
2-2: Ball
3-2: Ground out 4-3 (Groundball, 4, EV 85.6 MPH)
Top of the 2nd over - 0 runs, 0 hits, 0 errors, 0 left on base; Missoula 3 - Chicago (APP) 0
BOTTOM OF THE 2ND
Chicago (APP) Cubs batting - Pitching for Missoula Osprey : RHP Matt Hamm
Batting: RHB Casey Snyder 0-0: Ball
1-0: Swinging Strike
1-1: Ball
2-1: Fly out, F9 (Line Drive, 9, EV 90.6 MPH)
Batting: RHB Akiyoshi Sugiyama 0-0: Swinging Strike
0-1: Ball
1-1: Ball
2-1: Ground out 3-1 (Groundball, 34, EV 88.1 MPH)
Batting: RHB Troy Nichols 0-0: Ball
1-0: Called Strike
1-1: Ground out 4-3 (Groundball, 4MD, EV 100.0 MPH)
Bottom of the 2nd over - 0 runs, 0 hits, 0 errors, 0 left on base; Missoula 3 - Chicago (APP) 0
TOP OF THE 3RD
Missoula Osprey batting - Pitching for Chicago (APP) Cubs : RHP Teruhito Wakabayashi
Batting: LHB Johnny Cabrera 0-0: Swinging Strike
0-1: Foul Ball, location: 2F
0-2: Foul Ball, location: 2F
0-2: Ground out 4-3 (Groundball, 4, EV 95.6 MPH)
Batting: RHB Hang-ki Yin 0-0: Called Strike
0-1: Ball
1-1: Foul Ball, location: 2F
1-2: Ball
2-2: Ground out 6-3 (Groundball, 6, EV 108.1 MPH)
Batting: LHB Rob Turney 0-0: Foul Ball, location: 2F
0-1: Ball
1-1: Ball
2-1: Ball
3-1: Foul Ball, location: 2F
3-2: Foul Ball, location: 2F
3-2: Foul Ball, location: 2F
3-2: Strikes out swinging
Top of the 3rd over - 0 runs, 0 hits, 0 errors, 0 left on base; Missoula 3 - Chicago (APP) 0
BOTTOM OF THE 3RD
Chicago (APP) Cubs batting - Pitching for Missoula Osprey : RHP Matt Hamm
Batting: RHB A.J. Moore 0-0: Ground out 5-3 (Groundball, 56S, EV 78.8 MPH)
Batting: RHB Teruhito Wakabayashi 0-0: SINGLE (Groundball, 4MD, EV 111.9 MPH)
Batting: RHB Chris Petrock 0-0: Ball
1-0: Ball
2-0: Ball
3-0: Called Strike
3-1: Base on Balls
Teruhito Wakabayashi to second
Batting: SHB Eddie Tetzlaff 0-0: SINGLE (Line Drive, 89S, EV 107.5 MPH)
Teruhito Wakabayashi to third
Chris Petrock to second
Runner from 3rd tries for Home, SAFE, no throw by RF
Batting: RHB Jacob Nagle 0-0: Called Strike
Chris Petrock steals 3rd base
0-1: Ball
1-1: Swinging Strike
1-2: Foul Ball, location: 2F
1-2: DOUBLE (Line Drive, 7LM, EV 108.1 MPH)
Chris Petrock scores
Eddie Tetzlaff to third
Batting: LHB Ryan Cross 0-0: Called Strike
0-1: Ball
Passed Ball!
Eddie Tetzlaff scores
Jacob Nagle to third
1-1: Ball
2-1: Ball
3-1: Base on Balls
Batting: RHB Casey Snyder 0-0: Ball
Wild Pitch!
Jacob Nagle scores
Ryan Cross to second
1-0: Ball
Ryan Cross steals 3rd base
2-0: Called Strike
2-1: Foul Ball, location: 2F
2-2: Ground out 5-3 (Groundball, 56S, EV 85.0 MPH)
Ryan Cross scores
Batting: RHB Akiyoshi Sugiyama 0-0: Ball
1-0: Ball
2-0: Called Strike
2-1: Ball
3-1: Base on Balls
Batting: RHB Troy Nichols 0-0: Ground out 4-3 (Groundball, 4, EV 87.5 MPH)
Bottom of the 3rd over - 5 runs, 3 hits, 0 errors, 1 left on base; Missoula 3 - Chicago (APP) 5
TOP OF THE 4TH
Missoula Osprey batting - Pitching for Chicago (APP) Cubs : RHP Teruhito Wakabayashi
Batting: RHB Keith Turner 0-0: Ball
1-0: Ball
2-0: Called Strike
2-1: Ball
3-1: Foul Ball, location: 2F
3-2: Base on Balls
Batting: RHB Ken Cohan 0-0: Ball
1-0: Called Strike
1-1: Foul Ball, location: 2F
1-2: Ball
2-2: SINGLE (Groundball, 34D, EV 106.3 MPH)
Keith Turner to second
Runner from 2nd tries for 3rd, OUT! 9-5
Pitching: RHP Paul Whitehead
Batting: RHB Evan Barron 0-0: Called Strike
0-1: Ball
Wild Pitch!
Ken Cohan to second
1-1: Swinging Strike
1-2: SINGLE (Line Drive, 78S, EV 109.4 MPH)
Ken Cohan to third
Runner from 3rd tries for Home, SAFE, throw by LF to home
Evan Barron to second
Pinch Hitting: LHB Matt Marquis 0-0: Ball
1-0: Ball
2-0: Called Strike
2-1: Foul Ball, location: 2F
2-2: Ball
3-2: SINGLE (Line Drive, 8RM, EV 90.6 MPH)
Evan Barron to third
Batting: LHB Tim West 0-0: Ball
1-0: Ball
2-0: SINGLE (Line Drive, 7LM, EV 99.4 MPH)
Evan Barron scores
Matt Marquis to second
Batting: LHB Chris Coleman 0-0: Ball
1-0: Fielders Choice at 2nd, 3-6 (Groundball, 34S, EV 93.1 MPH)
Matt Marquis to third
Batting: LHB Johnny Cabrera 0-0: 3-RUN HOME RUN (Flyball, 9LD, EV 101.3 MPH), Distance : 335 ft
Pitching: RHP Keith Sheehan
Batting: RHB Hang-ki Yin 0-0: Called Strike
0-1: Foul Ball, location: 2F
0-2: Strikes out swinging
Top of the 4th over - 5 runs, 5 hits, 0 errors, 0 left on base; Missoula 8 - Chicago (APP) 5
BOTTOM OF THE 4TH
Chicago (APP) Cubs batting - Pitching for Missoula Osprey : RHP Matt Hamm
Pitching: RHP Pat Clarke
Batting: RHB A.J. Moore 0-0: Ball
1-0: Ground out 5-3 (Groundball, 56S, EV 83.1 MPH)
Batting: RHB Keith Sheehan 0-0: Called Strike
0-1: Ball
1-1: Foul Ball, location: 2F
1-2: Ground out 6-3 (Groundball, 6, EV 87.5 MPH)
Batting: RHB Chris Petrock 0-0: Called Strike
0-1: Ball
1-1: Called Strike
1-2: Foul Ball, location: 2F
1-2: Strikes out looking
Bottom of the 4th over - 0 runs, 0 hits, 0 errors, 0 left on base; Missoula 8 - Chicago (APP) 5
TOP OF THE 5TH
Missoula Osprey batting - Pitching for Chicago (APP) Cubs : RHP Keith Sheehan
Batting: LHB Rob Turney 0-0: Ball
1-0: Fly out, F8 (Flyball, 8LM, EV 95.6 MPH)
Batting: RHB Keith Turner 0-0: Ground out U3 (Groundball, 34, EV 90.0 MPH)
Batting: RHB Ken Cohan 0-0: Ball
1-0: Ball
2-0: Ball
3-0: Base on Balls
Batting: RHB Evan Barron 0-0: Ball
1-0: DOUBLE (Flyball, 7LD, EV 91.9 MPH)
Ken Cohan to third
Runner from 3rd tries for Home, SAFE, no throw by LF
Batting: SHB Pat Clarke 0-0: Called Strike
0-1: SINGLE (Flyball, 8LS, EV 93.1 MPH)
Evan Barron to third
Runner from 3rd tries for Home, throw by CF and OUT! 8-2
Top of the 5th over - 1 run, 2 hits, 0 errors, 1 left on base; Missoula 9 - Chicago (APP) 5
BOTTOM OF THE 5TH
Chicago (APP) Cubs batting - Pitching for Missoula Osprey : RHP Pat Clarke
Batting: SHB Eddie Tetzlaff 0-0: Foul Ball, location: 2F
0-1: Ball
1-1: Ball
2-1: Foul Ball, location: 2F
2-2: SINGLE (Groundball, 15S, EV 70.6 MPH) (infield hit)
Batting: RHB Jacob Nagle 0-0: Fly out, F8 (Line Drive, 8RM, EV 84.4 MPH)
Batting: LHB Ryan Cross 0-0: 2-RUN HOME RUN (Flyball, 7D, EV 109.4 MPH), Distance : 388 ft
Batting: RHB Casey Snyder 0-0: Ball
1-0: Called Strike
1-1: Ball
2-1: SINGLE (Groundball, 6MD, EV 97.5 MPH)
Batting: RHB Akiyoshi Sugiyama 0-0: Called Strike
0-1: Ball
1-1: Ball
2-1: Ball
3-1: Fielders Choice at 2nd, 3-6 (Groundball, 3, EV 105.6 MPH)
Batting: RHB Troy Nichols 0-0: Ball
1-0: Foul Ball, location: 2F
1-1: Ball
2-1: Swinging Strike
2-2: Strikes out swinging
Bottom of the 5th over - 2 runs, 3 hits, 0 errors, 1 left on base; Missoula 9 - Chicago (APP) 7
TOP OF THE 6TH
Missoula Osprey batting - Pitching for Chicago (APP) Cubs : RHP Keith Sheehan
Batting: LHB Tim West 0-0: Bunt missed!
0-1: Foul Ball, location: 2F
0-2: Ball
1-2: Foul Ball, location: 2F
1-2: SINGLE (Groundball, 34D, EV 110.6 MPH)
Batting: LHB Chris Coleman 0-0: Ball
1-0: Swinging Strike
1-1: Swinging Strike
1-2: Fly out, F7 (Flyball, 7, EV 87.5 MPH)
Batting: LHB Johnny Cabrera 0-0: Ball
Tim West steals 2nd base
1-0: Ground out U3 (Groundball, 3, EV 89.4 MPH)
Tim West to third
Batting: RHB Hang-ki Yin 0-0: Ball
1-0: Ground out 4-3 (Groundball, 4S, EV 80.6 MPH)
Top of the 6th over - 0 runs, 1 hit, 0 errors, 1 left on base; Missoula 9 - Chicago (APP) 7
BOTTOM OF THE 6TH
Chicago (APP) Cubs batting - Pitching for Missoula Osprey : RHP Pat Clarke
Batting: RHB A.J. Moore 0-0: Swinging Strike
0-1: Ball
1-1: Foul Ball, location: 2F
1-2: Strikes out swinging
Batting: RHB Keith Sheehan 0-0: Ball
1-0: SINGLE (Groundball, 34D, EV 99.4 MPH)
Batting: RHB Chris Petrock 0-0: Ball
Wild Pitch!
Keith Sheehan to second
1-0: Ball
2-0: Ball
3-0: Called Strike
3-1: Foul Ball, location: 2F
3-2: Fly out, F8 (Line Drive, 8LD, EV 100.6 MPH)
Batting: SHB Eddie Tetzlaff 0-0: Ball
Passed Ball!
Keith Sheehan to third
1-0: Ball
Passed Ball!
Keith Sheehan scores
2-0: Ball
3-0: Base on Balls
Batting: RHB Jacob Nagle 0-0: Ball
Passed Ball!
Eddie Tetzlaff to second
1-0: Foul Ball, location: 2F
1-1: Ball
2-1: Called Strike
2-2: Strikes out swinging
Bottom of the 6th over - 1 run, 1 hit, 0 errors, 1 left on base; Missoula 9 - Chicago (APP) 8
TOP OF THE 7TH
Missoula Osprey batting - Pitching for Chicago (APP) Cubs : RHP Keith Sheehan
Pitching: LHP Kyle Hamilton
Batting: LHB Rob Turney 0-0: Called Strike
0-1: Ground out U3 (Groundball, 3, EV 88.8 MPH)
Batting: RHB Keith Turner 0-0: Ground out 5-3 (Groundball, 56S, EV 84.4 MPH)
Batting: RHB Ken Cohan 0-0: SINGLE (Groundball, 6MD, EV 103.8 MPH)
Batting: RHB Evan Barron 0-0: Fly out, F3 (Popup, 23F, EV 83.1 MPH)
Top of the 7th over - 0 runs, 1 hit, 0 errors, 1 left on base; Missoula 9 - Chicago (APP) 8
BOTTOM OF THE 7TH
Chicago (APP) Cubs batting - Pitching for Missoula Osprey : RHP Pat Clarke
Pitching: RHP Juan Cardenas
Now at 3B: Michael Johnston
Batting: LHB Ryan Cross 0-0: Ball
1-0: Ball
2-0: Called Strike
2-1: Ball
3-1: Base on Balls
Pinch Hitting: LHB Dave Wheeler 0-0: Ball
1-0: Called Strike
1-1: Foul Ball, location: 2F
1-2: Ball
2-2: Strikes out swinging
Batting: RHB Akiyoshi Sugiyama 0-0: Ball
1-0: Foul Ball, location: 2F
1-1: Called Strike
1-2: Strikes out swinging
Batting: RHB Troy Nichols 0-0: Ball
1-0: Called Strike
1-1: Called Strike
1-2: Strikes out swinging
Bottom of the 7th over - 0 runs, 0 hits, 0 errors, 1 left on base; Missoula 9 - Chicago (APP) 8
TOP OF THE 8TH
Missoula Osprey batting - Pitching for Chicago (APP) Cubs : LHP Kyle Hamilton
Now in CF: Dave Wheeler
Batting: RHB Michael Johnston 0-0: Swinging Strike
0-1: Called Strike
0-2: Ball
1-2: Foul Ball, location: 2F
1-2: Ball
2-2: SINGLE (Groundball, 56D, EV 95.0 MPH)
Batting: LHB Tim West 0-0: Bunted foul
0-1: Sac Bunt to 13S - play at first, batter OUT! 1-4
Michael Johnston to second
Batting: LHB Chris Coleman 0-0: Foul Ball, location: 7LSF, Error on foul ball, E7
0-1: Foul Ball, location: 2F
0-2: Ball
1-2: Ground out 4-3 (Groundball, 4, EV 81.9 MPH)
Michael Johnston to third
Batting: LHB Johnny Cabrera 0-0: Foul Ball, location: 2F
0-1: Foul Ball, location: 2F
0-2: Ground out 3-1 (Groundball, 3D, EV 85.0 MPH)
Top of the 8th over - 0 runs, 1 hit, 1 error, 1 left on base; Missoula 9 - Chicago (APP) 8
BOTTOM OF THE 8TH
Chicago (APP) Cubs batting - Pitching for Missoula Osprey : RHP Juan Cardenas
Batting: RHB A.J. Moore 0-0: Called Strike
0-1: Ground out U3 (Groundball, 3S, EV 83.8 MPH)
Batting: LHB Kyle Hamilton 0-0: Foul Ball, location: 2F
0-1: Called Strike
0-2: Ball
1-2: Ball
2-2: Ground out 4-3 (Groundball, 34, EV 77.5 MPH)
Batting: RHB Chris Petrock 0-0: Ball
1-0: Foul Ball, location: 2F
1-1: Foul Ball, location: 2F
1-2: Foul Ball, location: 2F
1-2: SINGLE (Groundball, 56D, EV 107.5 MPH)
Batting: SHB Eddie Tetzlaff 0-0: Ball
1-0: Ball
Passed Ball!
Chris Petrock to second
2-0: DOUBLE (Line Drive, 9LS, EV 105.6 MPH)
Chris Petrock scores
Batting: RHB Jacob Nagle 0-0: Ball
1-0: Foul Ball, location: 2F
1-1: Foul Ball, location: 2F
1-2: Ball
2-2: Foul Ball, location: 2F
2-2: Ball
3-2: Base on Balls
Batting: LHB Ryan Cross 0-0: Called Strike
0-1: Swinging Strike
Passed Ball!
Eddie Tetzlaff to third
Jacob Nagle to second
0-2: Strikes out swinging
Bottom of the 8th over - 1 run, 2 hits, 0 errors, 2 left on base; Missoula 9 - Chicago (APP) 9
TOP OF THE 9TH
Missoula Osprey batting - Pitching for Chicago (APP) Cubs : LHP Kyle Hamilton
Pitching: LHP Jeremy Estep
Batting: RHB Hang-ki Yin 0-0: Swinging Strike
0-1: Swinging Strike
0-2: Foul Ball, location: 2F
0-2: Ball
1-2: Ball
2-2: Ball
3-2: Fly out, F7 (Line Drive, 7, EV 83.8 MPH)
Pinch Hitting: LHB Brandon Cox 0-0: Ball
1-0: Ball
2-0: Swinging Strike
2-1: SINGLE (Line Drive, 4M, EV 104.4 MPH)
Batting: RHB Keith Turner 0-0: Ball
1-0: Foul Ball, location: 2F
1-1: Ball
Brandon Cox steals 2nd base
2-1: Intentional Walk
Batting: RHB Ken Cohan 0-0: Fly out, F9 (Flyball, 9D, EV 83.8 MPH)
Runner from 2nd tags up, SAFE at 3rd, no throw by RF
Batting: RHB Evan Barron 0-0: Ball
1-0: Foul Ball, location: 2F
1-1: Ball
2-1: Foul Ball, location: 2F
2-2: Foul Ball, location: 2F
2-2: SINGLE (Groundball, 3D, EV 104.4 MPH)
Brandon Cox scores
Keith Turner to second
Runner from 2nd tries for 3rd, OUT! 9-5
Top of the 9th over - 1 run, 2 hits, 0 errors, 1 left on base; Missoula 10 - Chicago (APP) 9
BOTTOM OF THE 9TH
Chicago (APP) Cubs batting - Pitching for Missoula Osprey : RHP Juan Cardenas
Pitching: RHP John Grashel
Batting: LHB Dave Wheeler 0-0: Ball
1-0: Foul Ball, location: 2F
1-1: Ball
2-1: Foul Ball, location: 2F
2-2: Ball
3-2: Foul Ball, location: 2F
3-2: Foul Ball, location: 2F
3-2: Ground out 6-3 (Groundball, 6, EV 82.5 MPH)
Pinch Hitting: RHB Willie Martinez 0-0: Ball
1-0: Swinging Strike
1-1: Ball
2-1: Foul Ball, location: 2F
2-2: Foul Ball, location: 2F
2-2: Ball
3-2: Ground out 4-3 (Groundball, 4, EV 85.6 MPH)
Pinch Hitting: RHB Josh Chandler 0-0: Called Strike
0-1: Fly out, F7 (Flyball, 7S, EV 94.4 MPH)
Bottom of the 9th over - 0 runs, 0 hits, 0 errors, 0 left on base; Missoula 10 - Chicago (APP) 9
Thursday, December 15th , 2022 - OOTP Baseball 23.9 Build 102